 Dungeon Crawl Stone Soup version 0.31-a0-986-g5e6e4ef867 (webtiles) character file.

Game seed: 738065131565576065

3560 FakeRyeBread the Basher (level 10, 0/63 HPs)
             Began as a Gargoyle Fighter on Nov 8, 2023.
             Was an Elder of Okawaru.
             Slain by an orc warrior
             ... wielding a +0 halberd
              (12 damage)
             ... in a bailey.
             The game lasted 00:21:33 (6891 turns).

FakeRyeBread the Basher (Gargoyle Fighter)          Turns: 6891, Time: 00:21:33

Health: 0/63       AC: 28    Str: 25    XL:     10   Next: 9%
Magic:  13/13      EV:  9    Int:  8    God:    Okawaru [****..]
Gold:   1142       SH:  5    Dex:  9    Spells: 9/9 levels left

rFire   . . .        n - +1 whip (elec)
rCold   + . .        c - +0 buckler
rNeg    + + .        m - +2 scale mail {rC+}
rPois   ∞            g - +1 helmet
rElec   +            f - +0 cloak
rCorr   .            b - +0 pair of gloves
SInv    .            y - +1 pair of boots
Will    .....        (no amulet) Stlth
                     j - ring of positive energy
HPRegen 0.30/turn    q - +4 ring of protection
MPRegen 0.13/turn

%: no passive effects
@: no status effects
A: sickness immunity, AC +7, negative energy resistance 1, electricity
resistance, torment resistance 1, petrification resistance
a: Renounce Religion, Heroism, Finesse


You were in a bailey.
You worshipped Okawaru.
Okawaru was greatly pleased with you.
You visited 1 branch of the dungeon, and saw 8 of its levels.
You also visited: Ossuary and Bailey.

You collected 1254 gold pieces.
You spent 112 gold pieces at shops.

Inventory:

Hand Weapons
 n - a +1 whip of electrocution (weapon)
Missiles
 v - 7 boomerangs (quivered)
Armour
 b - a +0 pair of gloves (worn)
 c - a +0 buckler (worn)
 f - a +0 cloak (worn)
 g - a +1 helmet (worn)
 m - a +2 scale mail of cold resistance (worn)
 y - a +1 pair of boots (worn)
Jewellery
 j - a ring of positive energy (left hand)
 q - a +4 ring of protection (right hand)
 w - a ring of magical power
Wands
 i - a wand of flame (22)
 p - a wand of paralysis (2)
 t - a wand of polymorph (8)
Scrolls
 a - a scroll of enchant armour
 e - 2 scrolls of revelation
 o - 2 scrolls of enchant weapon
 r - 5 scrolls of teleportation
 u - a scroll of identify
Potions
 d - 2 potions of might
 k - a potion of resistance
 l - 3 potions of brilliance
 s - 2 potions of lignification
 x - a potion of enlightenment
 A - a potion of mutation


   Skills:
 + Level 7.4 Fighting
 * Level 8.9 Maces & Flails
 + Level 7.4 Armour
 + Level 7.4 Shields
 + Level 4.2 Invocations


You had 9 spell levels left.
You didn't know any spells.
Your spell library contained the following spells:

 Spells                   Type           Power      Damage    Failure   Level
 Wereblood                Tmut           0%         N/A       86%         2
 Stone Arrow              Conj/Erth      0%         3d7       97%         3
 Lehudib's Crystal Spear  Conj/Erth      0%         10d2      100%        8
 Summon Small Mammal      Summ           Unusable   N/A       N/A         1
 Sublimation of Blood     Necr           Unusable   N/A       N/A         2
 Call Canine Familiar     Summ           Unusable   N/A       N/A         3
 Summon Guardian Golem    Hex/Summ       Unusable   N/A       N/A         3
 Animate Armour           Summ/Erth      Unusable   N/A       N/A         4
 Summon Hydra             Summ           Unusable   N/A       N/A         7

Dungeon Overview and Level Annotations

Branches:
Dungeon (8/15)             Temple (0/1) D:7         Ossuary (visited)
 Bailey (1/1)
   Lair: D:8-11

Altars:
Ashenzari
Fedhas
Kikubaaqudgha
Okawaru
Ru
Uskayaw
Wu Jian
Yredelemnul
Zin
The Shining One

Shops:
D:4 ?


Innate Abilities, Weirdness & Mutations

You are immune to sickness and miasma.
Your stone body is resilient. (AC +7)
You are immune to poison.
You resist negative energy. (rN+)
You are resistant to electric shocks. (rElec)
You are resistant to unholy torment.
You are immune to petrification.


Message History

You hit the orc knight but do no damage.
The orc knight is severely wounded.
You block the orc knight's attack.
The orc warrior hits you but does no damage.
You feel better.
The orc knight hits you but does no damage.
The orc warrior hits you but does no damage.
You whack the orc knight!
The orc knight is almost dead.
The orc knight hits you but does no damage.
The orc warrior barely misses you.
You completely miss the orc knight.
The orc knight is almost dead.
You hit the orc knight but do no damage.
The orc knight is almost dead.
The orc knight hits you with a +0 trident!
* * * LOW HITPOINT WARNING * * *
The orc warrior hits you but does no damage.
You closely miss the orc knight.
The orc knight is almost dead.
You hit the orc knight but do no damage.
The orc knight is almost dead.
The orc knight barely misses you.
The orc warrior hits you but does no damage.
You hit the orc knight but do no damage.
The orc knight is almost dead.
The orc knight hits you but does no damage.
The orc warrior closely misses you.
You barely miss the orc knight.
The orc knight is almost dead.
The orc knight hits you with a +0 trident.
* * * LOW HITPOINT WARNING * * *
You block the orc warrior's attack.
You barely miss the orc knight.
The orc knight is almost dead.
You hit the orc knight.
The orc knight is almost dead.
The orc knight closely misses you.
The orc warrior hits you from afar with a +0 halberd!
You die...

##.~~. o⌠∩⌠.o. #..[~
.~~.. .o..o≈≈ ##..~ §≈≈≈.
##.. ... ##. ######
###+###'#########.
......##.....##...)......
~~~~~..##.∩.##o.)~~~~~~~~
....~~..## ##..)~........
#..~~.@###.)~~..#######
##..~~.oo..~~..##
##..~~~~~~~..##
##.........## ###########


You could see an orc knight and an orc warrior (strong).

Vanquished Creatures
  Pikel (D:4)
  Prince Ribbit (D:5)
  Grinder (D:3)
  A hornet (D:7)
  Menkaure (D:5)
  Duvessa (D:7)
  3 water moccasins
  An ice beast (D:6)
  2 sky beasts
  2 orc warriors
  A centaur (D:7)
  A lemure (D:4)
  2 bullfrogs
  3 scorpions
  A water moccasin zombie (Ossuary)
  Dowan (D:6)
  A killer bee (D:8)
  An electric eel (D:7)
  A howler monkey (D:4)
  6 orc priests
  4 hounds
  8 iguanas
  3 orc wizards
  3 sleepcaps
  2 mummies (Ossuary)
  3 gnolls
  10 adders
  A shadow imp (D:5)
  4 ufetubi
  2 adder zombies (Ossuary)
  2 worms
  A dart slug (D:5)
  32 orcs
  11 endoplasms
  2 giant cockroaches
  7 gnoll zombies (Ossuary)
  12 goblins
  9 hobgoblins
  4 jackals (D:4)
  5 quokkas
  3 ball pythons
  11 bats
  4 hobgoblin zombies (Ossuary)
  5 kobolds
  5 kobold zombies (Ossuary)
  4 orc zombies (Ossuary)
189 creatures vanquished.

Vanquished Creatures (others)
  A human (D:4)
1 creature vanquished.

Grand Total: 190 creatures vanquished

Notes
Turn   | Place    | Note
-------+----------+-------------------------------------------
     0 | D:1      | FakeRyeBread the Gargoyle Fighter began the quest for the
                  | Orb.
     0 | D:1      | Reached XP level 1. HP: 14/14 MP: 1/1
    56 | D:1      | Reached XP level 2. HP: 16/19 MP: 2/2
   504 | D:1      | Reached XP level 3. HP: 23/23 MP: 3/3
   846 | D:2      | Reached skill level 3 in Maces & Flails
   846 | D:2      | Reached XP level 4. HP: 22/29 MP: 4/4
  1528 | D:3      | Found a glowing golden altar of the Shining One.
  1533 | D:3      | Noticed an angel
  1555 | D:3      | Found a basalt altar of Yredelemnul.
  1617 | D:3      | Reached XP level 5. HP: 33/33 MP: 5/5
  1698 | D:3      | Found a broken altar of Ashenzari.
  1698 | D:3      | Found a sacrificial altar of Ru.
  1760 | D:3      | Noticed Grinder
  1760 | D:3      | Paralysed by Grinder for 2 turns
  1798 | D:3      | Killed Grinder
  1799 | D:3      | Reached skill level 4 in Maces & Flails
  1799 | D:3      | Reached XP level 6. HP: 32/39 MP: 6/6
  2005 | D:3      | Found a hide-covered altar of Uskayaw.
  2114 | D:4      | Found a glowing silver altar of Zin.
  2503 | D:4      | Found an ancient bone altar of Kikubaaqudgha.
  2504 | D:4      | Noticed a human
  2506 | D:4      | Killed a human
  2557 | D:4      | Reached XP level 7. HP: 42/44 MP: 7/7
  2581 | D:4      | Found an iron altar of Okawaru.
  2586 | D:4      | Became a worshipper of Warmaster Okawaru
  2614 | D:4      | Found a blossoming altar of Fedhas.
  2710 | D:4      | Reached skill level 5 in Maces & Flails
  2926 | D:4      | Found Domel's Magic Scroll Shoppe.
  2929 | D:4      | Bought a scroll of identify for 28 gold pieces
  2929 | D:4      | Bought a scroll of identify for 28 gold pieces
  2929 | D:4      | Bought a scroll of identify for 28 gold pieces
  2929 | D:4      | Bought a scroll of identify for 28 gold pieces
  3059 | D:5      | Entered Level 5 of the Dungeon
  3106 | D:5      | Identified a scroll of acquirement
  3117 | D:4      | Acquired 916 gold pieces
  3135 | D:4      | Reached skill level 5 in Shields
  3191 | D:5      | Noticed Pikel
  3229 | D:4      | Killed Pikel
  3229 | D:4      | Reached * piety under Okawaru
  3229 | D:4      | Reached ** piety under Okawaru
  3230 | D:4      | Reached skill level 5 in Fighting
  3230 | D:4      | Reached skill level 6 in Maces & Flails
  3230 | D:4      | Reached skill level 5 in Armour
  3230 | D:4      | Reached XP level 8. HP: 14/50 MP: 8/8
  3360 | D:5      | Noticed Menkaure
  3374 | D:5      | Killed Menkaure
  3437 | D:5      | Noticed Prince Ribbit
  3480 | D:5      | Killed Prince Ribbit
  3481 | D:5      | Reached skill level 1 in Invocations
  3943 | D:5      | Reached skill level 7 in Maces & Flails
  4082 | D:5      | Found an ornate altar of the Wu Jian Council.
  4096 | D:5      | Reached *** piety under Okawaru
  4097 | D:5      | Reached XP level 9. HP: 38/55 MP: 10/10
  4466 | D:6      | Found a sand-covered staircase.
  4473 | Ossuary  | Entered an ossuary
  4948 | D:6      | You fall into a shaft and drop 1 floor!
  4958 | D:7      | Noticed Duvessa
  4959 | D:7      | Noticed Dowan
  4974 | D:7      | Killed Duvessa
  4994 | D:6      | HP: 1/56 [Dowan/shard of ice (13)]
  5019 | D:6      | Killed Dowan
  5177 | D:6      | Reached skill level 8 in Maces & Flails
  5209 | D:6      | Reached **** piety under Okawaru
  5529 | D:7      | Found a staircase to the Ecumenical Temple.
  5545 | D:7      | Noticed a hornet
  5557 | D:7      | Killed a hornet
  6128 | D:7      | Reached XP level 10. HP: 61/63 MP: 11/13
  6602 | D:8      | Found a flagged portal.
  6638 | Bailey   | Entered a bailey
  6855 | Bailey   | Noticed an orc knight
  6855 | Bailey   | Noticed an orc knight
  6891 | Bailey   | Slain by an orc warrior

Illustrated notes

Levels and vault maps discovered:
D:1:      dpeg_arrival_orchard, layout_loops_ring
D:2:      layout_rooms, minmay_tromino_v4_b
D:3:      layout_rooms, grunt_temple_overflow_holy_war,
          gammafunk_temple_overflow_pools, lemuel_coloured_pillars_altar,
          nrook_mini_backslash, uniq_grinder
D:4:      layout_loops_ring, tgw_kikubaaqudgha, general_overflow_altar,
          mainiacjoe_overflow_two_lobes, serial_shops, nicolae_shop_rolled_up,
          minmay_misc_feat_room
D:5:      kennysheep_spiral_hall, layout_rooms, mainiacjoe_overflow_paths,
          uniq_prince_ribbit1, uniq_menkaure, uniq_pikel
D:6:      layout_basic, chequers_ossuary_entry_cave
D:7:      layout_cave_pods, minmay_temple_entry_ruins, minmay_crystal_water,
          uniq_duvessa
D:8:      layout_loops_ring, enter_bailey_3, uniq_maurice
Bailey:   bailey_polearm_1, bailey

Skill      XL: |  1  2  3  4  5  6  7  8  9 |
---------------+----------------------------+-----
Maces & Flails | 3 4 6 7 8 |  8.9
Fighting       | 4 5 6 7 |  7.4
Armour         | 4 5 6 7 |  7.4
Shields        | 4 5 6 7 |  7.4
Invocations    | 2 4 |  4.2

Action                     |  1- 3 |  4- 6 |  7- 9 | 10-12 || total
---------------------------+-------+-------+-------+-------++-------
  Melee: Flail             |   119 |   174 |    78 |       ||   371
         Whip              |       |       |   395 |   112 ||   507
    Use: Scroll            |       |     7 |    15 |       ||    22
         Potion            |       |       |     4 |     1 ||     5
 Armour: Scale mail        |    91 |   123 |   275 |   101 ||   590
  Dodge: Dodged            |    67 |    71 |   149 |    62 ||   349
  Block: Buckler           |    38 |    43 |    81 |    30 ||   192

Table legend: (Time is in decaauts)
 A = Elapsed time spent in this place.
 B = Non-inter-level travel time spent in this place.
 C = Inter-level travel time spent in this place.
 D = Time resting spent in this place.
 E = Time spent auto-exploring this place.
 F = Levels seen in this place.
 G = Mean time per level.
                   A        B        C        D        E       F      G
               +--------+--------+--------+--------+--------+-----+--------+
         Total |   6867 |   5946 |    921 |    674 |   3338 |  10 |  686.7 |
       Dungeon |   6447 |   5526 |    921 |    660 |   3272 |   8 |  805.9 |
       Ossuary |    180 |    180 |      0 |      0 |      3 |   1 |  180.0 |
        Bailey |    238 |    238 |      0 |     14 |     63 |   1 |  238.0 |
               +--------+--------+--------+--------+--------+-----+--------+

Top non-repeatable levels by time:
     D:4: 1282 daAuts
     D:5: 1093 daAuts
     D:7: 1060 daAuts
     D:6: 870 daAuts
     D:1: 832 daAuts
     D:3: 646 daAuts
     D:2: 610 daAuts
  Bailey: 238 daAuts
 Ossuary: 180 daAuts
     D:8: 52 daAuts
